[Event "*** Titled Tuesday 3|2 Blitz"]
[Site "Chess.com"]
[Date "2015.02.24"]
[Round "4"]
[White "Schemato"]
[Black "DoctorMove"]
[Result "1/2-1/2"]
[WhiteElo "2040"]
[BlackElo "1757"]
[TimeControl "180+2"]
[EndTime "11:46:46 PST"]
[Termination "Game drawn by agreement"]

1. c4 e6 2. Nc3 d5 3. d4 Nf6 4.
cxd5 Nxd5 5. e4 Nxc3 6. bxc3 c5 7. Nf3 cxd4 8. cxd4 Bb4+ 9. Bd2 Bxd2+ 10. Qxd2 O-O 11.
Bc4 Nc6 12. O-O b6 13. Rad1 Bb7 14. Rfe1 Na5 15. Bf1 Rc8 16. d5 exd5 17. exd5 Nc4 18. Bxc4 Rxc4 19. Ne5 Rc5 20. d6 Rd5 21. Qxd5 Bxd5 22.
Rxd5 Re8 23. Red1 f6 24. Nc6 Qd7 25. Ne7+ Kf7 26. h3 a6 27. Rc1 Rxe7 28. Rc7 Qxc7 29. dxc7 Rxc7 30. Rd6 Rb7 31. Kf1 Ke7 32. Rc6 Kd7 33.
Rc3 b5 34. Ke2 b4 35. Rc5 Kd6 36. Ra5 Rb6 37. h4 Kc7 38. g3 Kb7 39. Ke3 Re6+ 40. Kd3 Kb6 41. Rd5 Re7 42. Rd6+ Kb5 43. Rd5+ Kc6 44.
Ra5 Kb6 45. Rd5 Kc6 46. Ra5 Kb6 1/2-1/2

[Event "*** Titled Tuesday 3|2 Blitz"]
[Site "Chess.com"]
[Date "2015.02.24"]
[Round "4"]
[White "ilmago"]
[Black "juniortay"]
[Result "1-0"]
[WhiteElo "1913"]
[BlackElo "2202"]
[TimeControl "180+2"]
[EndTime "11:46:52 PST"]
[Termination "ilmago won by resignation"]

1. e4 e5 2. Nf3 Nc6 3. Bc4 Bc5 4.
d3 Nf6 5. O-O a6 6. c3 Ba7 7.
Be3 O-O 8. Nbd2 d6 9. h3 Ne7 10.
Re1 Ng6 11. Nf1 c6 12. Ng3 Bb8 13. d4 d5 14. exd5 cxd5 15. dxe5 dxc4 16. Qxd8 Rxd8 17. exf6 gxf6 18. Nh5 Bf5 19. Bb6 Rc8 20. Nxf6+ Kg7 21.
Bd4 Kf8 22. Nxh7+ Kg8 23. Nf6+ Kf8 24. Ng5 Nf4 25. Ngh7+ Bxh7 26. Nxh7+ Kg8 27. Nf6+ Kf8 28. Nd7+ Kg8 29. Nb6 Bd6 30. Nxa8 Rxa8 31. Be5 Bxe5 32. Rxe5 Rd8 33. Re4 Nd3 34. Rxc4 Nxb2 35. Rb4 Rd2 36. Rxb7 Nd3 37. Rf1 Rxa2 38. Rb6 a5 39. Rd6 Nf4 40. Rfd1 a4 41. Kf1 a3 42. g3 Nxh3 43.
R6d2 1-0

[Event "*** Titled Tuesday 3|2 Blitz"]
[Site "Chess.com"]
[Date "2015.02.24"]
[Round "4"]
[White "kinetix"]
[Black "alturas_pacificas"]
[Result "0-1"]
[WhiteElo "1351"]
[BlackElo "2080"]
[TimeControl "180+2"]
[EndTime "11:46:52 PST"]
[Termination "alturas_pacificas won by resignation"]

1. e4 e5 2. f4 Bc5 3. Nf3 d6 4. Bc4 Nf6 5. d3 Nc6 6. Nc3 a6 7. Qe2 O-O 8. f5 b5 9. Bb3 h6 10. Be3 Bxe3 11. Qxe3 Na5 12. O-O Bb7 13. Rae1 Nxb3 14.
axb3 Re8 15. Nd2 d5 16. exd5 Nxd5 17. Nxd5 Bxd5 18. f6 Re6 19. fxg7 Rg6 20. Ne4 Kxg7 21. Rf5 Qe7 22. Ref1 Rg8 23. g3 Bxe4 24. Qxe4 f6 25.
b4 Rd8 26. c3 Rd6 27. R1f3 Qd7 28. Kg2 Rg5 29. h4 Rxf5 30. Qxf5 Qxf5 31. Rxf5 Rxd3 32. Rf2 Kg6 33. Re2 h5 34. Kh3 Kf7 35. Kg2 Ke6 36. Kf2 f5 37. Rc2 e4 38. b3 Kd6 39. c4 Rxb3 0-1

[Event "*** Titled Tuesday 3|2 Blitz"]
[Site "Chess.com"]
[Date "2015.02.24"]
[Round "4"]
[White "lorcho"]
[Black "VerdeNotte"]
[Result "0-1"]
[WhiteElo "2370"]
[BlackElo "2564"]
[TimeControl "180+2"]
[EndTime "11:47:00 PST"]
[Termination "VerdeNotte won by resignation"]

1. e4 c5 2. Nc3 g6 3. d3 Bg7 4. f4 Nc6 5. Nf3 e6 6. Be3 b6 7. g4 d5 8. Bf2 Nge7 9. Bg2 f5 10.
gxf5 gxf5 11. Ng5 d4 12. Nb5 O-O 13. e5 Nd5 14. Nd6 Nxe5 15. Bxd5 exd5 16. Qh5 h6 17. Nxc8 hxg5 18. fxe5 Rxc8 19. O-O-O Rc6 20. Rdg1 g4 21. Bh4 Rh6 22. Bxd8 Rxh5 23. Bc7 Bh6+ 24. Kd1 Kf7 25. h3 Rxh3 26. Rxh3 gxh3 27. Rh1 Bg7 28. Rxh3 Ke6 29. Rh7 Rf7 30. Bb8 f4 31. Ke2 f3+ 32. Kf2 c4 33.
Rh5 Kd7 34. Rg5 Bh6 35. Rg6 Be3+ 36. Kf1 Rh7 37. e6+ Ke7 0-1

[Event "*** Titled Tuesday 3|2 Blitz"]
[Site "Chess.com"]
[Date "2015.02.24"]
[Round "4"]
[White "petrpalachev"]
[Black "EltajSafarli"]
[Result "0-1"]
[WhiteElo "2398"]
[BlackElo "2607"]
[TimeControl "180+2"]
[EndTime "11:47:02 PST"]
[Termination "EltajSafarli won by resignation"]

1. d4 Nf6 2. c4 g6 3. Nc3 d5 4.
Qb3 dxc4 5. Qxc4 Bg7 6. e4 O-O 7. Be2 a6 8. Bf4 Nc6 9. d5 e5 10. Be3 Nd4 11. Bxd4 exd4 12. Qxd4 Re8 13. Qd3 b5 14. a3 c6 15. dxc6 Qb6 16. Nf3 Nh5 17.
Nd5 Qxc6 18. Nd4 Qd6 19. O-O Nf4 20. Nxf4 Qxf4 21. g3 Qf6 22. Nc2 Bb7 23. Bf3 Qxb2 24. Rab1 Qf6 25. Nb4 Rac8 26. Rfc1 Bf8 27. Nd5 Qd6 28.
Rxc8 Rxc8 29. Ra1 Rc4 30. a4 Qe5 31. Ra2 h5 32. axb5 axb5 33. h4 Ra4 34. Rc2 Ra3 35. Qe2 b4 36. Rb2 Rxf3 37. Rxb4 Rxg3+ 38. fxg3 Qxg3+ 39. Qg2 Qe1+ 40. Qf1 Bxb4 0-1

[Event "*** Titled Tuesday 3|2 Blitz"]
[Site "Chess.com"]
[Date "2015.02.24"]
[Round "4"]
[White "stepanosinovsky"]
[Black "pKiLz5Rn9b"]
[Result "1/2-1/2"]
[WhiteElo "2241"]
[BlackElo "2250"]
[TimeControl "180+2"]
[EndTime "11:47:09 PST"]
[Termination "Game drawn - insufficient material"]

1. e4 e6 2. d4 d5 3. Nc3 Nf6 4. Bg5 Be7 5. e5 Nfd7 6. h4 h6 7.
Bxe7 Qxe7 8. Qg4 O-O 9. Nf3 c5 10.
dxc5 Nc6 11. Qf4 f6 12. exf6 Rxf6 13. Qd2 Nxc5 14. Bb5 a6 15. Bxc6 bxc6 16. O-O Bb7 17. Rfe1 Raf8 18. Qd4 Nd7 19. b4 Rf4 20. Qa7 Rxb4 21.
Rab1 Ra8 22. Qe3 a5 23. Qxe6+ Qxe6 24. Rxe6 Rxb1+ 25. Nxb1 Nc5 26. Re7 Kf8 27. Rc7 Rc8 28. Rxc8+ Bxc8 29. Ne5 Bb7 30. Nd2 Ke7 31. f4 Ne6 32. g3 Nd4 33. Nb3 Nxb3 34. axb3 c5 35. Kf2 Ke6 36. Ke3 d4+ 37. Kd3 Ba6+ 38. Ke4 Bb7+ 39.
Kd3 Kd5 40. Nf7 Ba6+ 41. Kd2 Ke4 42. Ne5 Bb5 43. c4 Be8 44. Nd3 Kf3 45. Nxc5 Kxg3 46.
Ne6 Bd7 47. Nxg7 Kxf4 48. Kd3 Kg4 49. Kxd4 Kxh4 50. Kc5 a4 51. bxa4 Bxa4 52. Kd6 Kg5 53. Ne6+ Kf6 54. Nc5 Be8 55. Ne4+ Kf5 56. Ng3+ Kf4 57.
Ne2+ Ke3 58. Ng3 Kf4 59. Ne2+ Kg4 60. c5 h5 61. c6 Bxc6 62. Kxc6 h4 63. Ng1 Kg3 64. Kd5 Kf2 65. Nh3+ Kf3 66. Ke5 Kg3 67. Nf4 Kg4 68. Ke4 Kg3 69. Ke3 h3 70. Nxh3 1/2-1/2

[Event "*** Titled Tuesday 3|2 Blitz"]
[Site "Chess.com"]
[Date "2015.02.24"]
[Round "4"]
[White "chito89"]
[Black "Nouki"]
[Result "1/2-1/2"]
[WhiteElo "2597"]
[BlackElo "2648"]
[TimeControl "180+2"]
[EndTime "11:47:11 PST"]
[Termination "Game drawn by agreement"]

1. d4 Nf6 2. c4 c6 3. Nf3 d5 4. e3 Bf5 5. Nc3 e6 6. Nh4 Be4 7. f3 Bg6 8. Bd2 Be7 9. Qb3 Qc7 10. Rc1 dxc4 11. Bxc4 Nbd7 12. Nxg6 hxg6 13. g3 a6 14. Be2 c5 15. Na4 Rc8 16. dxc5 Nxc5 17. Nxc5 Bxc5 18. Qa4+ Qd7 19. Qxd7+ Kxd7 20. Kf2 Nd5 21. f4 f5 22. Bf3 Bb4 23. Bxd5 Bxd2 24. Rxc8 Rxc8 25. Bxb7 Rc2 26.
Rd1 Kc7 27. Bxa6 Rxb2 28. a4 e5 29. fxe5 Bc3+ 30. Kf3 Bxe5 31. h4 Bd6 32. Bb5 Ra2 33. Rd3 Ra1 34. Rc3+ Kd8 35. Kf2 Ra2+ 36. Kf3 Ra1 37.
Kg2 Ra2+ 38. Kh3 Ke7 39. Rd3 Ra3 40. Rxa3 Bxa3 41. g4 Bc5 1/2-1/2

[Event "*** Titled Tuesday 3|2 Blitz"]
[Site "Chess.com"]
[Date "2015.02.24"]
[Round "4"]
[White "Danirod"]
[Black "190l"]
[Result "1/2-1/2"]
[WhiteElo "2357"]
[BlackElo "1980"]
[TimeControl "180+2"]
[EndTime "11:47:23 PST"]
[Termination "Game drawn by repetition"]

1. e4 c5 2. Nf3 Nc6 3. c3 Nf6 4.
e5 Nd5 5. d4 cxd4 6. Bc4 Nb6 7.
Bb3 d5 8. exd6 Qxd6 9. O-O Be6 10.
Nxd4 Nxd4 11. cxd4 Bxb3 12. Qxb3 e6 13. Nc3 Be7 14. Nb5 Qd8 15. Bf4 Nd5 16. Be5 O-O 17. Rac1 a6 18. Nc7 Nxc7 19. Rxc7 b5 20. Rfc1 Bd6 21. R7c6 Bxe5 22. dxe5 Qd4 23. Qc3 Qa4 24. a3 g6 25. g3 a5 26. Qf3 b4 27. R1c4 Qb5 28. R6c5 Qb8 29. a4 Ra7 30. h4 h5 31.
g4 hxg4 32. Rxg4 Rc8 33. Rxc8+ Qxc8 34. h5 Qc1+ 35. Kg2 Qxb2 36. hxg6 fxg6 37. Rxg6+ Rg7 38. Rxg7+ Kxg7 39. Qf6+ Kh7 40. Qxe6 b3 41. Qf7+ Kh6 42. e6 Qc2 43. e7 Qe4+ 44. f3 Qe2+ 45. Kg3 Qe1+ 46.
Kg4 Qg1+ 47. Kf5 Qc5+ 48. Kf6 Qc3+ 49. Ke6 Qc4+ 50. Kf6 Qc3+ 51. Ke6 Qc4+ 52. Kf6 Qc3+ 53. Ke6 1/2-1/2

[Event "*** Titled Tuesday 3|2 Blitz"]
[Site "Chess.com"]
[Date "2015.02.24"]
[Round "4"]
[White "MinhGTrAn"]
[Black "Gevorg_Harutjunyan"]
[Result "0-1"]
[WhiteElo "2455"]
[BlackElo "2525"]
[TimeControl "180+2"]
[EndTime "11:47:29 PST"]
[Termination "Gevorg_Harutjunyan won by resignation"]

1. d4 Nf6 2. Bg5 Ne4 3. Bf4 d5 4. e3 Bf5 5. Bd3 e6 6. f3 Nd6 7. g4 Bxd3 8. Qxd3 h5 9. g5 Nd7 10. Nd2 c5 11. c3 Qb6 12. Ne2 h4 13. Kf2 Be7 14. Bxd6 Bxd6 15. f4 O-O-O 16. a4 f6 17. Nf3 Qc6 18. Qb5 e5 19. gxf6 gxf6 20. f5 Rh5 21. Ke1 Re8 22. Qxc6+ bxc6 23. Kd2 cxd4 24. cxd4 Bb4+ 25. Kc2 Rxf5 26. Raf1 Rh8 27. Rhg1 Bd6 28. h3 c5 29. Nd2 Rhh5 30. e4 Rxf1 31.
Rxf1 cxd4 32. exd5 f5 33. Nc4 Kc7 34. Rg1 Rh7 35.
Rg6 Bb4 36. a5 f4 37. Nc1 e4 38. Rg4 d3+ 39. Kb3 d2 40. d6+ Kc6 41. Ne2 0-1

[Event "*** Titled Tuesday 3|2 Blitz"]
[Site "Chess.com"]
[Date "2015.02.24"]
[Round "4"]
[White "Aragon"]
[Black "BeerLag"]
[Result "0-1"]
[WhiteElo "2036"]
[BlackElo "2399"]
[TimeControl "180+2"]
[EndTime "11:47:49 PST"]
[Termination "BeerLag won by resignation"]

1. e4 c5 2. Nf3 d6 3. Bb5+ Bd7 4.
Bxd7+ Qxd7 5. c4 Nc6 6. Nc3 g6 7. d4 cxd4 8. Nxd4 Bg7 9. Be3 Nf6 10. f3 Ne5 11. b3 a6 12. O-O Rc8 13. Rc1 O-O 14. h3 Rfd8 15. Nd5 Nxd5 16. exd5 Qe8 17. Kh2 e6 18. Ne2 exd5 19. Bb6 Rd7 20. Qxd5 Rc6 21. Bg1 Nxc4 22. Rxc4 Qxe2 23. Rfc1 Rxc4 24. Rxc4 Bf6 25. Re4 Qxa2 26. Bd4 Bxd4 27. Re8+ Kg7 28. Qxd4+ f6 29. Qd5 Rf7 30. Rh8 Qe2 31. Rxh7+ Kxh7 32. Qxf7+ Kh6 33. Qxb7 Qe5+ 34. Kh1 a5 35. Qb8 Kg5 36. Qb6 Kf4 37. Kh2 g5 38. Qf2 Kf5+ 39. g3 Qc5 40. Qd2 d5 41. Qd3+ Ke6 42. f4 gxf4 43. gxf4 d4 44. Qe4+ Kd6 45. Qe8 Qc2+ 46. Kg3 Qxb3+ 47. Kg4 Qe6+ 48. Qxe6+ Kxe6 49. Kf3 a4 50. h4 a3 51. h5 a2 52. h6 a1=Q 53. h7 Qh1+ 0-1

[Event "*** Titled Tuesday 3|2 Blitz"]
[Site "Chess.com"]
[Date "2015.02.24"]
[Round "4"]
[White "Inopov"]
[Black "GMNeiksans"]
[Result "0-1"]
[WhiteElo "2463"]
[BlackElo "2527"]
[TimeControl "180+2"]
[EndTime "11:48:03 PST"]
[Termination "GMNeiksans won by resignation"]

1. d4 Nf6 2. c4 e6 3. Nc3 Bb4 4. Bg5 h6 5. Bh4 c5 6. d5 d6 7.
e3 exd5 8. cxd5 Nbd7 9. Bd3 Ne5 10. Ne2 O-O 11. O-O Ng6 12. Bg3 Bxc3 13. Nxc3 a6 14.
a4 Re8 15. e4 Rb8 16. f4 Bg4 17. Qc2 Nh5 18. e5 Nxg3 19. hxg3 Ne7 20. Rae1 Qd7 21.
f5 dxe5 22. Rxe5 Qd6 23. Rfe1 Kf8 24. Qf2 Ng8 25. Qf4 Rxe5 26. Rxe5 Nf6 27. Ne4 Nxe4 28. Bxe4 Rd8 29. a5 Bh5 30. f6 g5 31. Qf5 Bg6 32.
Qh3 Qxe5 33. Qxh6+ Ke8 34. Bxg6 Qxf6 35. Bxf7+ Kxf7 36. Qh7+ Kf8 37. Qxb7 Rd6 38. Qc8+ Kg7 39. Qc7+ Kg6 40. Qc8 Qf7 41. b3 Rf6 42. Kh2 Qf8 43. Qg4 Qd6 44. Qe4+ Kg7 45. Kh3 g4+ 46. Qxg4+ Rg6 47. Qf3 Rh6+ 48. Kg4 Qe5 49. Qf4 Rg6+ 50. Kh3 Qxf4 51. gxf4 Rd6 52. g4 Rxd5 53. g5 c4 54. Kg4 cxb3 0-1

[Event "*** Titled Tuesday 3|2 Blitz"]
[Site "Chess.com"]
[Date "2015.02.24"]
[Round "4"]
[White "bsmail"]
[Black "Rijeka1999"]
[Result "0-1"]
[WhiteElo "2092"]
[BlackElo "2257"]
[TimeControl "180+2"]
[EndTime "11:48:07 PST"]
[Termination "Rijeka1999 won by resignation"]

1. d4 d5 2. c4 c6 3. Nf3 Nf6 4.
Nc3 a6 5. cxd5 cxd5 6. Bf4 Nc6 7. e3 Ne4 8. Bd3 Nxc3 9. bxc3 e6 10. O-O Bd6 11.
Bg3 Bxg3 12. hxg3 h6 13. c4 dxc4 14. Bxc4 b5 15. Bd3 Bb7 16. a4 b4 17. Be4 O-O 18. Ne5 Qd6 19. a5 Rab8 20. Nc4 Qd8 21. Qf3 Qd7 22.
Rfc1 Ne7 23. Bxb7 Qxb7 24. Qxb7 Rxb7 25. Nd6 Rd7 26. Ne4 Nd5 27. Nc5 Ra7 28. Rab1 Nc3 29.
Rb2 e5 30. Kf1 exd4 31. exd4 Rd8 32. Rxb4 Na2 33. Rcc4 Nxb4 34. Rxb4 Re7 35. Nxa6 Ra7 36. Nb8 Rd6 37. a6 f6 38. Ke2 Kf7 39. Kd3 Ke6 40. Kc4 Rc7+ 41. Kb5 Rd5+ 42. Ka4 Kd6 43. f3 Ra7 44. g4 Kc7 45. f4 Rd8 46. d5 Rxb8 47. Rc4+ Kd6 48. Ka5 Kxd5 49. Rc3 Rb1 50. Rh3 0-1

[Event "*** Titled Tuesday 3|2 Blitz"]
[Site "Chess.com"]
[Date "2015.02.24"]
[Round "4"]
[White "Hafez_Bakr"]
[Black "Argente"]
[Result "0-1"]
[WhiteElo "1832"]
[BlackElo "2194"]
[TimeControl "180+2"]
[EndTime "11:48:08 PST"]
[Termination "Argente won by resignation"]

1. c4 g6 2. Nc3 Bg7 3. Nf3 e5 4. g3 Ne7 5. Bg2 c6 6. O-O d5 7. cxd5 cxd5 8. e4 d4 9. Nb1 O-O 10.
d3 Nbc6 11. Bg5 h6 12. Bd2 Be6 13. Na3 Rc8 14. b3 a6 15. Rc1 b5 16. Rc2 Qd6 17. Nb1 Nb4 18. Rxc8 Rxc8 19. a3 Nxd3 20. Bxh6 Nxf2 21.
Rxf2 Bxh6 22. Rf1 Be3+ 23. Kh1 Rc1 24. Qd3 Rxf1+ 25. Bxf1 f6 26. Ne1 Kg7 27. Nc2 Bg5 28. Bg2 Ng8 29. h4 Bh6 30. b4 Bc4 31. Qf3 Ne7 32.
Qg4 d3 33. Ne3 Bxe3 34. h5 d2 35. Bf3 Bb3 36. Nc3 Bg5 37. hxg6 Qd3 38. Nd1 Nxg6 39.
Kh2 Bxd1 40. Bxd1 Ne7 41. Kh3 Qd6 42. Qf3 Nc6 43. g4 Nd4 44. Qd3 Qd8 45. Kg3 Ne6 46.
Qxd8 Nxd8 47. Kf3 Ne6 48. Ke2 Nd4+ 49. Kd3 Kf7 50. Kc3 Ke7 51. a4 Kd6 52. axb5 axb5 53. Kd3 Nc6 54. Kc3 Be3 55. Kb3 Nd4+ 56. Kc3 Ne6 57. Kd3 Bf4 58. Kc3 Ke7 59. Kd3 Kf7 60.
Bb3 Ke7 61. Bd1 Nd4 62. Kc3 Kf7 63. Kd3 Kg6 64. Kc3 Kg5 65. Kd3 Kh4 66. Kc3 Kg3 67. Kd3 Kf2 68. g5 fxg5 69. Bg4 Ke1 70. Bh5 d1=Q+ 71. Bxd1 Kxd1 72. Kc3 g4 0-1

[Event "*** Titled Tuesday 3|2 Blitz"]
[Site "Chess.com"]
[Date "2015.02.24"]
[Round "4"]
[White "bugsbunny444"]
[Black "Zvonokchess"]
[Result "1-0"]
[WhiteElo "2351"]
[BlackElo "2487"]
[TimeControl "180+2"]
[EndTime "11:48:18 PST"]
[Termination "bugsbunny444 won by resignation"]

1. Nf3 c5 2. c4 g6 3. d4 cxd4 4.
Nxd4 Nf6 5. Nc3 d5 6. cxd5 Nxd5 7. Ndb5 Nxc3 8. Qxd8+ Kxd8 9. Nxc3 Bg7 10. Bf4 Bxc3+ 11. bxc3 Nc6 12. O-O-O+ Ke8 13. e4 Be6 14. Kb2 f6 15.
Bb5 Rc8 16. Ba4 Kf7 17. Bb3 Na5 18. Rd4 Rc6 19. Bd5 Rb6+ 20. Rb4 Bxd5 21. exd5 Rc8 22. Rd1 Nc4+ 23. Kb3 Na5+ 24. Kb2 Rxb4+ 25. cxb4 Nc4+ 26.
Kb3 Nb6 27. Be3 Ke8 28. Bxb6 axb6 29. Re1 e5 30. dxe6 Ke7 31. Re2 Rc6 32. Ka4 Rd6 33.
Kb5 Rc6 34. g4 g5 35. h3 Rd6 36.
a4 Rc6 37. Re4 Rd6 38. Re3 Rd4 39. Re2 Rf4 40. Re3 Rd4 41. Re2 Rf4 42. Re3 Rd4 43. Rb3 Rd6 44. Re3 Rd4 45. Rb3 Rd6 46. Re3 Rd4 47.
Rc3 Kxe6 48. Rc7 h5 49. gxh5 Rh4 50. Rxb7 Rxh5 51. Kxb6 Rxh3 52. a5 Ra3 53. a6 f5 54.
a7 g4 55. Rb8 f4 56. a8=Q Rxa8 57. Rxa8 g3 58. fxg3 fxg3 59. Rg8 1-0

[Event "*** Titled Tuesday 3|2 Blitz"]
[Site "Chess.com"]
[Date "2015.02.24"]
[Round "4"]
[White "guillead1"]
[Black "FlySooHigh"]
[Result "1/2-1/2"]
[WhiteElo "2259"]
[BlackElo "2340"]
[TimeControl "180+2"]
[EndTime "11:48:24 PST"]
[Termination "Game drawn - insufficient material"]

1. d4 Nf6 2. c4 c5 3. d5 b5 4.
cxb5 a6 5. b6 Bb7 6. Nc3 e6 7.
e4 exd5 8. exd5 d6 9. Bc4 Nbd7 10.
Nf3 Be7 11. O-O Nxb6 12. b3 O-O 13. Re1 Ne8 14. Rb1 Nc7 15. Bf4 Qd7 16. Qd3 Rfe8 17. a4 Bf6 18. Ne4 Ncxd5 19. Nxf6+ Nxf6 20. Qxd6 Nxc4 21. Qxd7 Nxd7 22. bxc4 Be4 23. Rbd1 Nb6 24. Ne5 Bc2 25. Rc1 Bxa4 26. Nd3 Rxe1+ 27. Rxe1 Nxc4 28. Nxc5 Bb5 29. Rb1 f6 30. h4 Kf7 31. g3 Rc8 32. Nb7 Rc6 33.
Nd8+ Ke7 34. Nxc6+ Bxc6 35. h5 a5 36. Rc1 Bd5 37.
Ra1 Bc6 38. Bc1 a4 39. Ba3+ Nxa3 40. Rxa3 Kd6 41. Kf1 Kc5 42. Ke1 Kb4 43. Ra1 Bd5 44. Kd2 a3 45. Kc2 Bb3+ 46. Kd2 a2 47. f3 Bd5 48. Kc2 Kc5 49. f4 Kd4 50. Rd1+ Ke4 51. Kb2 h6 52. Re1+ Kf5 53. Re7 g6 54. hxg6 Kxg6 55. g4 f5 56. Rd7 Be4 57. Rd6+ Kg7 58.
gxf5 Bxf5 59. Kxa2 h5 60. Kb2 h4 61. Kc3 h3 62. Rd2 Be4 63. Rh2 Bg2 64. Kd4 Kf6 65.
Ke3 Kf5 66. Kf2 Kxf4 67. Rxg2 hxg2 68. Kxg2 1/2-1/2

[Event "*** Titled Tuesday 3|2 Blitz"]
[Site "Chess.com"]
[Date "2015.02.24"]
[Round "4"]
[White "AkshatChandra"]
[Black "tac49"]
[Result "1-0"]
[WhiteElo "2428"]
[BlackElo "2389"]
[TimeControl "180+2"]
[EndTime "11:48:31 PST"]
[Termination "AkshatChandra won by resignation"]

1. e4 e5 2. Nf3 Nc6 3. Bb5 a6 4. Ba4 Nf6 5. O-O Be7 6. Re1 b5 7.
Bb3 d6 8. c3 O-O 9. h3 Na5 10. Bc2 c5 11. d4 Qc7 12. d5 Nc4 13. a4 Bd7 14. b3 Nb6 15. a5 Nc8 16. Nbd2 Re8 17. Nf1 Bf8 18. Bg5 Be7 19. Qd2 Kh8 20. Be3 Bf8 21. g4 Ne7 22. Ng3 g6 23. Nh2 Bg7 24.
Rf1 Nfg8 25. Ra2 Rf8 26. f4 exf4 27. Bxf4 f5 28. gxf5 gxf5 29. Nh5 Ng6 30. Nxg7 Kxg7 31. e5 dxe5 32. d6 Qc6 33. Bg5 Nf6 34. Bh6+ Kg8 35.
Bxf8 Rxf8 36. Bxf5 Ne4 37. Bxe4 Rxf1+ 38. Nxf1 Qxe4 39.
Qg2 Qb1 40. Rf2 Kh8 41. Qa8+ Kg7 42. Qb7 Nf8 43. Rxf8 Qg6+ 44. Kh2 Qc2+ 45. Kg1 Qg6+ 46. Kh1 Kxf8 47. Qxd7 Qe4+ 48. Kg1 Qg6+ 49. Qg4 Qxd6 50. Qf5+ Ke7 51. Qxh7+ 1-0

[Event "*** Titled Tuesday 3|2 Blitz"]
[Site "Chess.com"]
[Date "2015.02.24"]
[Round "4"]
[White "MattyDPerrine"]
[Black "manitodeplomo"]
[Result "0-1"]
[WhiteElo "2054"]
[BlackElo "2341"]
[TimeControl "180+2"]
[EndTime "11:48:37 PST"]
[Termination "manitodeplomo won by resignation"]

1. d4 c5 2. d5 Nf6 3. c4 e6 4.
Nc3 exd5 5. cxd5 d6 6. Nf3 a6 7. a4 Qe7 8. Nd2 Nbd7 9. Nc4 Ne5 10. Nb6 Rb8 11. a5 g6 12. f3 Bg7 13. e4 O-O 14.
Be2 Nh5 15. O-O f5 16. f4 Ng4 17. Bxg4 Bd4+ 18. Kh1 fxg4 19. Nxc8 Qh4 20. Ne7+ Kf7 21.
Qe1 g3 22. h3 Kxe7 23. e5 Rbe8 24.
Ne4 dxe5 25. f5 Nf4 26. Bxf4 exf4 27. Nxc5+ Kf7 28. Ne6 Be3 29. Qb4 gxf5 30. Nxf8 Rxf8 31. Qxb7+ Kg8 32. Qb4 Qf6 33. Rad1 Qe5 34. d6 Qe4 35.
Qb3+ Kg7 36. d7 Rd8 37. Qd3 Qe6 38. Qd6 Kf7 39. Qc7 Ke7 40. Qc3 Rxd7 41. Qg7+ Ke8 42.
Rxd7 Qxd7 43. Qxd7+ Kxd7 44. Rd1+ Kc6 45. Rd8 Kb5 46. Rd7 Kxa5 47. Rxh7 Kb4 48. Rb7+ Kc4 49. h4 Kd3 50. h5 Ke2 51. Rf7 Kf2 52. Rg7 a5 53. h6 f3 54. gxf3 Bxh6 55. Rg6 Be3 56. Rg8 Kxf3 57. Rg6 f4 58. Rg8 Kf2 59. Rg5 f3 0-1

[Event "*** Titled Tuesday 3|2 Blitz"]
[Site "Chess.com"]
[Date "2015.02.24"]
[Round "4"]
[White "1stSecond"]
[Black "jcibarra"]
[Result "0-1"]
[WhiteElo "2337"]
[BlackElo "2479"]
[TimeControl "180+2"]
[EndTime "11:48:52 PST"]
[Termination "jcibarra won by checkmate"]

1. d4 Nf6 2. c4 d6 3. Nf3 g6 4.
Nc3 Bf5 5. h3 Ne4 6. g4 Nxc3 7.
bxc3 Be4 8. Rg1 Bxf3 9. exf3 Bg7 10. h4 c5 11. Be3 Qa5 12. Qd2 Nc6 13. Rd1 Rc8 14. f4 b6 15. f5 cxd4 16. cxd4 gxf5 17. gxf5 Bf6 18. Bg2 Qxf5 19. Bd5 Na5 20. Qe2 e6 21. Bg5 Bxg5 22. Rxg5 Qh3 23. Rg3 Qxh4 24. Kf1 Kd8 25. Bg2 Rxc4 26. Qf3 Ke7 27. Rg4 Qh5 28. Re1 Qh6 29. Rf4 Rf8 30. Qg3 Kd7 31. Bh3 Kc7 32. Qf3 f5 33. Bg2 d5 34. Qg3 Kb7 35. Rh4 Qg6 36.
Qxg6 hxg6 37. Rxe6 Rc1+ 38. Ke2 Rfc8 39. Bxd5+ Ka6 40.
Rh7 Rd8 41. Re5 Nc6 42. Bxc6 Rxc6 43. Ke3 Rc3+ 44. Kd2 Ra3 45. Ree7 Rxd4+ 46. Ke2 Rxa2+ 47. Ke3 Re4+ 48. Rxe4 fxe4 49. Rg7 Kb5 50. Rxg6 a5 51. Rg1 a4 52. Rb1+ Ka5 53. Rf1 b5 54. Kxe4 b4 55. f4 b3 56. f5 b2 57. Rb1 a3 58.
Kd3 Ra1 59. Kc2 Kb4 60. f6 Rxb1 61. Kxb1 Kb3 62. f7 a2# 0-1

[Event "*** Titled Tuesday 3|2 Blitz"]
[Site "Chess.com"]
[Date "2015.02.24"]
[Round "4"]
[White "kesarev"]
[Black "Ar4uha"]
[Result "0-1"]
[WhiteElo "2258"]
[BlackElo "2452"]
[TimeControl "180+2"]
[EndTime "11:48:54 PST"]
[Termination "Ar4uha won by resignation"]

1. Nf3 Nf6 2. c4 e6 3. g3 d5 4. Bg2 dxc4 5. Qc2 a6 6. Qxc4 b5 7. Qc2 Bb7 8. O-O c5 9. a4 Nbd7 10. Na3 Qb6 11. d3 Be7 12. Be3 Nd5 13. Bd2 O-O 14.
Qb3 Bc6 15. axb5 axb5 16. Nc2 b4 17. Ne3 Nxe3 18. Bxe3 Bd5 19. Qc2 b3 20. Qd2 Ra2 21.
Rab1 Bf6 22. Bg5 Bxf3 23. Bxf3 Ne5 24. Bg2 Bxg5 25. Qxg5 Nc6 26. Bxc6 Qxc6 27. Rfc1 Rc8 28. Rc4 Qd5 29. Qc1 Qe5 30. Re4 Qf6 31. f3 h6 32. Rc4 Qe5 33. Kf2 Qh5 34. h4 Qd5 35.
Qc3 Qb7 36. Rxc5 Rxc5 37. Qxc5 g6 38. Qc3 Qb6+ 39. d4 h5 40. Rd1 Ra4 41. Rd3 Rb4 42.
Qc5 Qb7 43. Ke3 Rb5 44. Qc4 Rb4 45. Qc5 Rb5 46. Qd6 Rd5 47. Qf4 Qb6 48. Kd2 Qb4+ 49. Ke3 Qb6 50. Kd2 Qa5+ 51. Ke3 Qa1 52. Qb8+ Kg7 53. Qxb3 Qg1+ 54. Kd2 Qxg3 55. Qb7 Qxh4 56. Qc7 Qg5+ 57. Kc2 Qg2 58. Kd2 Rb5 59. b3 h4 60. Qc6 Rd5 61. b4 h3 62. Kc3 h2 63.
e4 Rh5 64. Rd1 Qxf3+ 65. Rd3 0-1

[Event "*** Titled Tuesday 3|2 Blitz"]
[Site "Chess.com"]
[Date "2015.02.24"]
[Round "4"]
[White "LADIESGET2KNOWME"]
[Black "LuckyTiger"]
[Result "1-0"]
[WhiteElo "2303"]
[BlackElo "2458"]
[TimeControl "180+2"]
[EndTime "11:49:00 PST"]
[Termination "LADIESGET2KNOWME won by resignation"]

1. d4 Nf6 2. Nc3 d5 3. Bg5 Nbd7 4.
Qd3 h6 5. Bh4 c6 6. Nf3 Qa5 7. a3 b5 8. b4 Qb6 9. e4 dxe4 10.
Nxe4 Nxe4 11. Qxe4 a5 12. Rb1 axb4 13. axb4 e6 14. Bd3 Bxb4+ 15. Ke2 Bd6 16. Rxb5 cxb5 17. Qxa8 Bb8 18. Rb1 Bb7 19. Qa3 Bd6 20. Bxb5 O-O 21. Bxd7 Ba6+ 22. Kd2 Bf4+ 23. Kc3 Qc7+ 24. Kb2 Rb8+ 25.
Ka1 Ra8 26. Ba4 Bd6 27. Bg3 Bxg3 28. hxg3 Bb7 29. Rb4 Be4 30. c3 Qe7 31. Kb2 Qf6 32. Qb3 Kh7 33. Qd1 Bxf3 34. Qxf3 Qg5 35. Qd3+ g6 36.
Bc2 Qd5 37. Qc4 Qxg2 38. Qb3 Qxf2 39. Rb7 h5 40. Qxe6 Kg7 41. Qe5+ Kg8 42. Rb8+ Rxb8+ 43. Qxb8+ Kh7 44. Qe5 Qf3 45. d5 Qf2 46. d6 Qb6+ 47.
Bb3 Qf2+ 48. Ka3 Qa7+ 49. Kb4 Qb6+ 50. Kc4 Qc6+ 51. Qc5 Qa6+ 52. Kd4 Qb7 53. Bd5 Qd7 54. Qc7 Qg4+ 55. Kc5 Qxg3 56. Qxf7+ Kh6 57. Qf8+ Kg5 58. Qe7+ Kh6 59. d7 Qxc3+ 60. Kd6 Qa3+ 61. Ke6 Qe3+ 62. Kf7 1-0

[Event "*** Titled Tuesday 3|2 Blitz"]
[Site "Chess.com"]
[Date "2015.02.24"]
[Round "4"]
[White "igorkovalenko"]
[Black "IMRosen"]
[Result "0-1"]
[WhiteElo "2436"]
[BlackElo "2076"]
[TimeControl "180+2"]
[EndTime "11:49:14 PST"]
[Termination "IMRosen won by resignation"]

1. d4 d5 2. Nf3 Nf6 3. c4 e6 4. Nc3 Be7 5. Bf4 O-O 6. e3 Nbd7 7. c5 Nh5 8. Bd3 Nxf4 9. exf4 c6 10. O-O b6 11. b4 a5 12. a3 Ba6 13. Bxa6 Rxa6 14. Qd3 b5 15. g3 Qc7 16. Rab1 axb4 17.
axb4 Rfa8 18. Kg2 Bf6 19. h4 Ra3 20. Qc2 g6 21. Rfe1 Bg7 22. Ne5 Nxe5 23. fxe5 Qa7 24. h5 Rf8 25. Rh1 Ra8 26. Qd2 Qb8 27. Nd1 Ra2 28.
Qf4 Qf8 29. Qh4 Qd8 30. Qg4 R8a3 31. Kg1 f5 32. Qh3 Qg5 33. hxg6 hxg6 34. Kg2 Kf7 35. Qh4 Qxh4 36. Rxh4 Rd3 37. Kf1 g5 38. Rh1 Rxd4 39.
Ne3 Bxe5 40. Rh7+ Bg7 41. Re1 Kg6 42. Rh2 Rdd2 43. Kg1 e5 44. g4 fxg4 45. Nxg4 e4 46. Rg2 Bd4 47. Rh2 Kf5 48. Rg2 Rab2 49. Rf1 Rxb4 50.
Nh6+ Kg6 51. Ng8 Bxc5 52. Kh2 Rbb2 53. Rc1 Rxf2 54. Rxf2 Rxf2+ 55. Kg3 Rf3+ 56. Kg2 Rf2+ 57. Kg3 Rf3+ 58. Kg2 Be3 59. Rxc6+ Kf7 60. Nh6+ Ke7 61. Ng4 Bd4 62. Rg6 Rf5 63. Nh6 Rf8 64. Ng4 b4 65. Rxg5 Kd6 66. Nh6 b3 67. Nf5+ Rxf5 68. Rxf5 b2 69.
Rf1 Kc5 70. Kg3 Kc4 71. Kf4 Kc3 72. Kf5 Kc2 73. Ke6 b1=Q 74. Rxb1 Kxb1 75. Kxd5 e3 0-1